 Dungeon Crawl Stone Soup version 0.26-a0-639-g72c4674329 (webtiles) character file.

Game seed: 15701303283027852545

(classic levelgen) 303901 EnegeticOcto the Peltast (level 19, -23/182 HPs)
             Began as a Deep Dwarf Fighter on Sept 28, 2020.
             Was the Champion of Makhleb.
             Killed from afar by a hellion (27 damage)
             ... with damnation
             ... on level 3 of the Dungeon.
             The game lasted 00:23:03 (16708 turns).

EnegeticOcto the Peltast (Deep Dwarf Fighter)      Turns: 16708, Time: 00:23:04

Health: -23/182    AC: 30    Str: 24    XL:     19   Next: 84%
Magic:  9/9 (0)    EV:  4    Int: 11    God:    Makhleb [******]
Gold:   979        SH: 27    Dex: 25    Spells: 18/18 levels left

rFire    + + +     SeeInvis .   K - +9 war axe (flame)
rCold    + . .     Faith    .   A - +4 tower shield
rNeg     + . .     Spirit   .   P - +0 gold dragon scales
rPois    +         Reflect  .   (no helmet)
rElec    .         Harm     .   y - +1 cloak
rCorr    .         Rampage  .   f - +2 pair of gloves
MR       ++...                  v - +2 pair of boots
Stlth    ..........             F - amulet "Bonixevaih" {RegenMP Fragile rF+++ Dex+7}
HPRegen  0.00/turn              o - ring of Zeogada {rPois rF+ MP+9 Dex+4}
MPRegen  0.36/turn              d - ring of poison resistance

@: non-regenerating, lightly drained
A: damage resistance, heal wounds, agile 1, clever 1, deterioration 1, negative
energy resistance 1, sense surroundings 3, weak 2, no regeneration
0: Orb of Zot
}: 3/15 runes: barnacled, abyssal, gossamer
a: Heal Wounds, Minor Destruction, Lesser Servant of Makhleb, Major Destruction,
Greater Servant of Makhleb, Renounce Religion


You were on level 3 of the Dungeon.
You worshipped Makhleb.
Makhleb was exalted by your worship.
You visited 8 branches of the dungeon, and saw 39 of its levels.
You visited the Abyss 2 times.
You also visited: Ossuary and Bailey.

You collected 2171 gold pieces.
You spent 1192 gold pieces at shops.

Inventory:

Hand Weapons
 K - a +9 war axe of flaming (weapon)
Armour
 c - a +0 kite shield
 f - a +2 pair of gloves (worn)
 l - a +1 chain mail of fire resistance
 v - a +2 pair of boots (worn)
 x - a +4 plate armour of ponderousness
 y - a +1 cloak (worn)
 A - a +4 tower shield (worn)
 G - +0 ice dragon scales
 P - +0 gold dragon scales (worn)
Jewellery
 d - a ring of poison resistance (right hand)
 o - the ring of Zeogada (left hand) {rPois rF+ MP+9 Dex+4}
   (You bought it in a shop on level 10 of the Dungeon)

   [ring of protection from fire]

   It affects your dexterity (+4).
   It protects you from fire.
   It protects you from poison.
   It affects your magic capacity (+9).
 F - the amulet "Bonixevaih" (around neck) {RegenMP Fragile rF+++ Dex+7}
   (You found it on level 13 of the Dungeon)

   [amulet of magic regeneration]

   It increases your magic regeneration.
   It affects your dexterity (+7).
   It renders you almost immune to fire.
   It will be destroyed if unequipped.
 J - a cursed ring of attention {unknown}
 O - an uncursed ring of protection from magic
Wands
 k - a wand of acid (5) {@v1}
 s - a wand of iceblast (13) {@v2}
 t - a wand of polymorph (20)
 D - a wand of enslavement (23)
Scrolls
 a - 2 scrolls of fear
 r - 11 scrolls of remove curse {@r2}
 B - 2 scrolls of noise {unknown}
 H - 3 scrolls of identify {@r1}
 M - 2 scrolls of acquirement {unknown}
 N - a scroll of fog
Potions
 e - 3 potions of flight
 g - 2 potions of resistance {@q6}
 h - a potion of heal wounds {@q2}
 i - 7 potions of ambrosia
 j - a potion of cancellation
 m - 4 potions of mutation
 u - 2 potions of invisibility
 z - 4 potions of berserk rage
 L - 5 potions of magic
Miscellaneous
 I - a box of beasts (inert)


   Skills:
 - Level 14.2(13.9) Fighting
 - Level 18.9(18.6) Axes
 - Level 15.0(14.7) Armour
 - Level 19.1(18.8) Shields
 + Level 17.6(17.3) Invocations
 - Level 10.0(9.7) Evocations


You had 18 spell levels left.
You didn't know any spells.
Your spell library was empty.

Dungeon Overview and Level Annotations

Branches:
Dungeon (15/15)            Temple (1/1) D:5            Lair (3/6) D:11
 Shoals (4/4) Lair:2       Spider (4/4) Lair:3          Orc (2/2) D:10
 Vaults (0/5) D:13         Depths (5/5) D:15            Zot (5/5) Depths:5
Ossuary (visited)          Bailey (visited)
    Elf: Orc:2

Altars:
Ashenzari
Cheibriados
Dithmenos
Elyvilon
Fedhas
Gozag
Hepliaklqana
Kikubaaqudgha
Makhleb
Nemelex Xobeh
Okawaru
Qazlal
Ru
Sif Muna
Trog
Uskayaw
Wu Jian
Xom
Yredelemnul
Zin
The Shining One

Shops:
D:5 [   D:10 =

Portals:
Hell: Depths:1 Depths:2 Depths:3
Abyss: Depths:4
Pandemonium: Depths:1

Annotations:
D:9 1 exclusion
Lair:2 exclusion: oklob plant
Lair:3 exclusion: oklob plant
Shoals:1 exclusion: ice statue
Depths:1 exclusions: daeva and 1 more exclusion, Bai Suzhen


Innate Abilities, Weirdness & Mutations

You are resistant to damage.
You can heal yourself by infusing magical energy.
You resist negative energy. (rN+)
You passively map a large area around you.
You do not regenerate.
You are agile. (Dex +2)
Your mind is acute. (Int +2)
Your body sometimes deteriorates upon taking damage.
You are very weak. (Str -4)


Message History

The balrug is severely wounded.
You are covered in liquid flames!
You block the red devil's attack. The balrug gestures at you.
The sticky flame hits you but does no damage.
You are covered in liquid flames!
You miss the balrug.
The balrug is severely wounded.
You are covered in liquid flames!
You block the red devil's attack. x3
You slice the balrug!!
You kill the balrug!
Makhleb accepts your kill.
You feel better.
You are covered in liquid flames!
You block the red devil's attack.
You are covered in liquid flames!
You block the red devil's attack.
The red devil hits you but does no damage.
The red devil hops backward while attacking.
You block the red devil's attack.
You are covered in liquid flames!
The red devil hits you but does no damage.
You are covered in liquid flames!
The red devil hits you but does no damage.
You block the red devil's attack.
The red devil hops backward while attacking.
The red devil hits you but does no damage.
You see here a +0 demon whip.
You are covered in liquid flames!
The red devil hops backward while attacking.
You block the red devil's attack.
You are covered in liquid flames!
You are covered in liquid flames!
The red devil hits you but does no damage.
You block the red devil's attack.
You are covered in liquid flames!
The red devil hops backward while attacking.
You block the red devil's attack. x2
There is an open door here.
You are covered in liquid flames!
You are covered in liquid flames!
You block the red devil's attack. You block the red devil's attack.
You block the red devil's attack.
There is a stone staircase leading up here.
You block the red devil's attack.
You climb upwards.
There is a stone staircase leading down here.
(D) Dungeon (T) Temple (L) Lair (A) Shoals (N) Spider Nest (O) Orcish Mines (V) Vaults (U) Depths (H) Hell (Z) Zot
Where to? (Enter - D:1 @ (x,y), ? - help)
What level of the Dungeon? (default 1, ? - help)
There is a stone staircase leading up here.
You climb upwards.
There is a stone staircase leading down here.
There is a stone staircase leading up here.
You climb upwards.
An orc comes into view. It is wielding a +0 trident.
There is a stone staircase leading down here.
The orc shouts!
You hear a shout!
You block the orc's attack.
A hellion comes into view.
You slice the orc!! You burn the orc.
You kill the orc!
Makhleb accepts your kill.
You feel better.
An orc comes into view.
The orc shouts!
The hellion gestures at you.
The sphere of damnation explodes!
The damnation engulfs you!!
* * * LOW HITPOINT WARNING * * *
The damnation engulfs the hellion.
The hellion completely resists.
You hear an angry hiss. x2
You hit the hellion. You burn the hellion.
The hellion is lightly wounded.
You slice the orc!! You burn the orc.
You kill the orc!
Makhleb accepts your kill.
You feel better. You block the hellion's attack.
You barely miss the hellion.
The hellion is lightly wounded.
You block the hellion's attack.
You hit the hellion. You burn the hellion.
The hellion is moderately wounded.
A frilled lizard comes into view.
The hellion gestures at you.
The sphere of damnation explodes!
The damnation engulfs you!!
* * * LOW HITPOINT WARNING * * *
The damnation engulfs the hellion.
The hellion completely resists.
The frilled lizard hisses angrily.
You hear a shout!
Your gold dragon scales prevents you from hitting the hellion.
The hellion is moderately wounded.
You block the hellion's attack.
You slash the hellion! You burn the hellion.
The hellion is severely wounded.
The hellion gestures at you.
The sphere of damnation explodes!
The damnation engulfs you!!
You die...

* ,, **
#####.###)# * *
, , ,
........#(######
* , ,
#..#.(........ *
,* ,*
#..(##.####### *
* #>#.##.# ,
#.#####.#.##.# *
, ......).#.##.#
, *
####.#..#.##.# *
*#,#.@#.##.# ,
.......2.....# *
####.#..#[####
......#.# *
*###.#l## # #.#.
#,.. ,> #. * *
*, ,


You could see a hellion and a frilled lizard.

Vanquished Creatures
  Frederick (Depths:5)
  Saint Roka (Depths:1)
  2 golden dragons
  An electric golem (Zot:3)
  2 bone dragons (Depths:5)
  5 tentacled monstrosities
  An Ice Fiend (Depths:1)
  5 Orb Guardians
  2 quicksilver dragons
  5 tentacled starspawn
  2 death cobs (Zot:3)
  A sphinx (Depths:5)
  3 shadow dragons
  A draconian monk (Zot:3)
  A tengu reaver (Depths:4)
  3 frost giants (Depths:1)
  An orc warlord (Orc:1)
  A balrug (D:6)
  2 draconian scorchers (Depths:5)
  A ghost moth (Spider:4)
  2 fire giants
  A cacodemon (Depths:1)
  A deep elf elementalist (Abyss:1)
  2 reapers
  4 very ugly things
  4 stone giants (Depths:1)
  A vampire knight (Depths:1)
  3 black draconians (Depths:5)
  2 purple draconians (Zot:3)
  3 green draconians
  A lorocyproca (Abyss:1)
  6 spark wasps (Depths:4)
  Snorg (D:14)
  4 red draconians
  A white draconian (Zot:3)
  8 ettins
  3 merfolk javelineers
  3 fire dragons
  A merfolk impaler (Shoals:3)
  3 great orbs of eyes (Depths:1)
  Harold (D:11)
  3 yaktaur captains
  4 ogre magi
  7 ice dragons
  A rakshasa (Depths:4)
  A hell beast (Depths:3)
  A death knight (D:14)
  A merfolk avatar (Shoals:3)
  3 merfolk aquamancers
  19 two-headed ogres
  5 satyrs
  A deep troll earth mage (Depths:5)
  3 centaur warriors
  3 thrashing horrors (Abyss:1)
  6 tengu warriors
  2 orc high priests (Orc:1)
  A vampire mage (D:15)
  Nergalle (D:11)
  5 wretched stars
  A spriggan berserker (Depths:2)
  2 sun demons (Depths:1)
  A spatial maelstrom (Abyss:1)
  5 skeletal warriors
  6 unseen horrors
  A sixfirhy (Abyss:1)
  A spark wasp zombie (D:15)
  13 large abominations
  4 glowing orange brains
  4 sea snakes
  2 wizards
  A phantasmal warrior (D:14)
  14 starcursed masses
  3 harpies (Shoals:1)
  2 orc knights
  An orc sorcerer (Orc:1)
  31 ugly things
  A necromancer (D:15)
  10 wolf spiders
  A deep elf mage (D:12)
  5 manticores
  3 cyclopes
  7 orb spiders
  15 fauns
  3 salamanders (Depths:4)
  A frost giant zombie (D:15)
  5 moths of wrath
  A fire giant skeleton (D:15)
  5 merfolk sirens
  A guardian serpent (Abyss:1)
  A black mamba (Lair:3)
  5 water nymphs
  A gargoyle (D:10)
  A spriggan zombie (D:15)
  2 smoke demons
  3 cane toads
  4 orange demons
  A hellion (Depths:1)
  4 komodo dragons
  24 yaktaurs
  8 freezing wraiths
  7 demonic crawlers
  2 efreet (Abyss:1)
  2 hellwings
  3 ice devils
  10 merfolk
  A troll (shapeshifter) (Abyss:1)
  4 trolls
  A polar bear (Lair:3)
  3 ancient zymes (Abyss:1)
  2 tengu conjurers (D:15)
  3 wind drakes
  5 raiju
  3 jumping spiders
  A wind drake (shapeshifter) (Depths:1)
  A hornet (shapeshifter) (Depths:1)
  4 dream sheep (Shoals:3)
  5 hornets
  A meliai zombie (D:10)
  3 hippogriffs
  11 slime creatures
  5 blink frogs (Lair:1)
  3 snapping turtles
  10 water elementals
  2 spriggans (Depths:2)
  21 tarantellas
  14 yaks
  3 ynoxinuls (Abyss:1)
  15 redbacks
  2 wyverns
  4 wraiths
  2 basilisks
  3 neqoxecs
  2 vampire mosquitoes (D:15)
  3 chaos spawn
  Menkaure (D:6)
  A spatial vortex (Abyss:1)
  2 nagas (Abyss:1)
  An acid dragon (D:15)
  3 wargs (Orc:1)
  3 water moccasins
  9 porcupines
  A soldier ant (D:6)
  A floating eye (shapeshifter) (D:14)
  22 orc warriors
  3 sky beasts
  3 ice beasts
  4 phantoms
  21 small abominations
  4 black bears
  9 centaurs
  3 wolves (Lair:3)
  13 ogres
  7 boggarts (Depths:1)
  3 crocodiles
  Blork the orc (D:6)
  11 bullfrogs
  A cane toad simulacrum (Abyss:1)
  4 scorpions
  A wyvern skeleton (D:7)
  13 killer bees
  7 wights
  3 howler monkeys (D:10)
  2 bullfrog zombies
  9 centaur zombies
  4 jellies
  4 quasits
  A gnoll shaman (D:9)
  3 hounds
  3 bullfrog skeletons
  13 orc priests
  7 centaur skeletons
  An iron imp (Abyss:1)
  12 orc wizards
  4 iguanas
  7 worker ants
  A big kobold zombie (Ossuary)
  2 hound skeletons
  2 hound zombies (Ossuary)
  3 mummies (Ossuary)
  2 worker ant zombies
  6 adders
  19 gnolls
  A howler monkey skeleton (D:5)
  3 shadow imps
  4 white imps
  5 ufetubi
  An ooze (D:3)
  2 adder skeletons
  3 adder zombies (Ossuary)
  2 worms
  3 leopard geckos
  83 orcs
  2 giant cockroaches
  2 goblins
  14 hobgoblins
  3 jackals (D:5)
  11 kobolds
  3 quokkas
  A bat (D:1)
  2 frilled lizards (D:3)
  A gnoll zombie (Ossuary)
  A goblin zombie (Ossuary)
  4 hobgoblin zombies (Ossuary)
  3 jackal zombies (Ossuary)
  3 kobold zombies (Ossuary)
  5 orc zombies (Ossuary)
  6 quokka zombies
  A rat (D:3)
  2 rat zombies (Ossuary)
  5 starspawn tentacles
964 creatures vanquished.

Vanquished Creatures (collateral kills)
  An orb of fire (Zot:3)
  A pandemonium lord (D:11)
  A tentacled monstrosity (Zot:3)
  A tentacled starspawn (Abyss:3)
  A shadow dragon (Zot:5)
  3 ghost moths (Spider:4)
  2 emperor scorpions (Spider:4)
  A yellow draconian (Zot:5)
  2 spark wasps (Spider:4)
  A hell beast (Zot:5)
  A rakshasa (Abyss:3)
  2 merfolk aquamancers
  A wretched star (Abyss:3)
  4 orb spiders (Spider:4)
  A manticore (Shoals:4)
  2 wolf spiders (Spider:4)
  An apocalypse crab (Abyss:3)
  A water nymph (Shoals:4)
  An ancient zyme (Abyss:3)
  A demonic crawler (Spider:4)
  A jumping spider (Spider:4)
  3 merfolk
  A wind drake (Shoals:3)
  A hornet (Spider:4)
  3 redbacks (Spider:4)
  3 tarantellas (Spider:4)
  A golden eye (Abyss:3)
  A starcursed mass (Abyss:3)
  A starspawn tentacle (Abyss:3)
44 creatures vanquished.

Vanquished Creatures (others)
  A tentacled starspawn (Abyss:3)
  A two-headed ogre (Depths:3)
  2 merfolk aquamancers
  2 sea snakes (Shoals:4)
  A wolf spider (Spider:4)
  17 fungi
  A lurking horror (Abyss:1)
  163 plants
  15 starspawn tentacles
  12 withered plants (D:15)
215 creatures vanquished.

Grand Total: 1223 creatures vanquished

Notes
Turn   | Place    | Note
-------+----------+-------------------------------------------
     0 | D:1      | EnegeticOcto the Deep Dwarf Fighter began the quest for the
                  | Orb.
     0 | D:1      | Reached XP level 1. HP: 20/20 MP: 1/1
    86 | D:3      | Found an opulent altar of Gozag.
   107 | D:3      | Reached XP level 2. HP: 22/27 MP: 2/2
   126 | D:3      | Found an ancient bone altar of Kikubaaqudgha.
   211 | D:3      | Reached XP level 3. HP: 26/33 MP: 3/3
   308 | D:4      | Noticed a phantom
   333 | D:4      | Killed a phantom
   333 | D:4      | Reached skill level 4 in Shields
   333 | D:4      | Reached XP level 4. HP: 23/42 MP: 4/4
   383 | D:4      | Reached XP level 5. HP: 44/49 MP: 5/5
   871 | D:5      | Entered Level 5 of the Dungeon
   871 | D:5      | Noticed a centaur
   883 | D:5      | Killed a centaur
   883 | D:5      | Reached XP level 6. HP: 41/56 MP: 6/6
   895 | D:5      | Noticed a sky beast
   923 | D:5      | Killed a sky beast
   923 | D:5      | Reached skill level 5 in Axes
   935 | D:5      | Found Nocry's Armour Shop.
   970 | D:5      | Found a staircase to the Ecumenical Temple.
  1007 | Temple   | Entered the Ecumenical Temple
  1036 | Temple   | Became a worshipper of Makhleb the Destroyer
  1094 | D:5      | Noticed an ice beast
  1100 | D:5      | Killed an ice beast
  1100 | D:5      | Reached skill level 1 in Invocations
  1226 | D:5      | Found a sand-covered staircase.
  1249 | Ossuary  | Entered an ossuary
  1279 | Ossuary  | Reached XP level 7. HP: 58/64 MP: 7/7
  1372 | Ossuary  | Reached skill level 5 in Shields
  1411 | Ossuary  | Reached * piety under Makhleb
  1411 | Ossuary  | Reached skill level 5 in Armour
  1842 | D:6      | Noticed Menkaure
  1854 | D:6      | Killed Menkaure
  1879 | D:6      | Reached XP level 8. HP: 73/73 MP: 8/8
  1958 | D:6      | Noticed Blork the orc
  1968 | D:6      | Killed Blork the orc
  2297 | D:5      | Bought a +4 plate armour of ponderousness for 240 gold
                  | pieces
  2474 | D:7      | Reached skill level 6 in Shields
  2489 | D:7      | Reached skill level 5 in Fighting
  2551 | D:7      | Reached ** piety under Makhleb
  2735 | D:7      | Noticed a hippogriff
  2745 | D:7      | Killed a hippogriff
  2811 | D:7      | Reached skill level 5 in Invocations
  2811 | D:7      | Gained mutation: You passively map the area around you.
                  | [Deep Dwarf growth]
  2811 | D:7      | Reached XP level 9. HP: 49/81 MP: 9/9
  3655 | D:8      | Found a hide-covered altar of Uskayaw.
  3655 | D:8      | Found an ornate altar of the Wu Jian Council.
  3830 | D:9      | Noticed a troll
  3839 | D:9      | Killed a troll
  3839 | D:9      | Reached skill level 7 in Shields
  3999 | D:9      | Reached *** piety under Makhleb
  4121 | D:9      | Reached XP level 10. HP: 54/91 MP: 12/12
  4157 | D:9      | Found a stormy altar of Qazlal.
  4335 | D:9      | Found a shimmering blue altar of Sif Muna.
  4716 | D:10     | Entered Level 10 of the Dungeon
  4805 | D:10     | Reached skill level 10 in Axes
  4841 | D:10     | Reached **** piety under Makhleb
  4920 | D:10     | Found Wiluukh's Jewellery Shop.
  5004 | D:10     | Found a staircase to the Orcish Mines.
  5042 | D:10     | Reached skill level 8 in Shields
  5137 | D:10     | Found a sparkling altar of Nemelex Xobeh.
  5183 | D:10     | Noticed a gargoyle
  5205 | D:10     | Killed a gargoyle
  5292 | D:10     | Killed an unseen horror
  5601 | D:11     | Reached XP level 11. HP: 70/99 MP: 14/14
  5816 | D:11     | Found a staircase to the Lair.
  5904 | D:11     | Noticed Nergalle
  5905 | D:11     | Reached ***** piety under Makhleb
  5907 | D:11     | Noticed Harold
  5929 | D:11     | Noticed a spectral orc warlord
  5938 | D:11     | Killed Nergalle
  5938 | D:11     | Reached skill level 9 in Shields
  5946 | D:11     | Killed Harold
  6266 | D:12     | Noticed a deep elf mage
  6278 | D:12     | Killed a deep elf mage
  6362 | D:12     | Noticed a brown ugly thing
  6379 | D:12     | Killed a brown ugly thing
  6561 | Lair:1   | Entered Level 1 of the Lair of Beasts
  6618 | Lair:1   | Reached skill level 10 in Shields
  6871 | Lair:2   | Found a staircase to the Shoals.
  7034 | Lair:2   | Noticed an oklob plant
  7504 | Lair:3   | Reached XP level 12. HP: 89/110 MP: 15/15
  7632 | Lair:3   | Found a hole to the Spider Nest.
  7754 | Lair:3   | Noticed a five-headed hydra
  7981 | Lair:3   | Reached skill level 10 in Invocations
  8287 | Orc:1    | Entered Level 1 of the Orcish Mines
  8287 | Orc:1    | Noticed an orc high priest
  8289 | Orc:1    | Reached skill level 11 in Shields
  8292 | Orc:1    | Reached skill level 1 in Evocations
  8293 | Orc:1    | Killed an orc high priest
  8296 | Orc:1    | Noticed an orc warlord
  8320 | Orc:1    | Reached ****** piety under Makhleb
  8324 | Orc:1    | Killed an orc warlord
  8324 | Orc:1    | Reached skill level 10 in Armour
  8551 | Orc:1    | Found a flagged portal.
  8558 | Orc:1    | Noticed an orc high priest
  8572 | Orc:1    | HP: 4/112 [sun demon[an orc high priest] (11)]
  8583 | Bailey   | Entered a bailey
  8813 | Bailey   | Reached XP level 13. HP: 103/118 MP: 12/12
  9047 | Orc:2    | Entered Level 2 of the Orcish Mines
  9168 | D:10     | Bought the ring of Zeogada {rPois rF+ MP+9 Dex+4} for 952
                  | gold pieces
  9300 | Spider:1 | Entered Level 1 of the Spider Nest
  9536 | Spider:2 | Reached skill level 15 in Axes
  9549 | Spider:2 | Gained mutation: You resist negative energy. (rN+) [Deep
                  | Dwarf growth]
  9549 | Spider:2 | Reached XP level 14. HP: 127/127 MP: 14/14
  9632 | Spider:2 | Reached skill level 12 in Shields
  9763 | Spider:4 | Entered Level 4 of the Spider Nest
  9805 | Spider:4 | Noticed an emperor scorpion
  9820 | Spider:4 | Killed an emperor scorpion
  9820 | Spider:4 | Reached skill level 5 in Evocations
  9828 | Spider:4 | Killed a ghost moth
  9835 | Spider:4 | Killed a ghost moth
  9855 | Spider:4 | Noticed an emperor scorpion
  9862 | Spider:4 | Killed a ghost moth
  9870 | Spider:4 | Killed a ghost moth
  9873 | Spider:4 | Killed an emperor scorpion
  9965 | Spider:4 | Got a gossamer rune of Zot
 10190 | Shoals:1 | Entered Level 1 of the Shoals
 10210 | Shoals:1 | Reached skill level 13 in Shields
 10415 | Shoals:2 | Reached XP level 15. HP: 121/136 MP: 16/16
 10718 | Shoals:4 | Entered Level 4 of the Shoals
 10891 | Shoals:4 | Reached skill level 14 in Shields
 11121 | Shoals:4 | Got a barnacled rune of Zot
 11387 | D:13     | Reached skill level 10 in Fighting
 11411 | D:13     | Found a sacrificial altar of Ru.
 11486 | D:13     | Found a gate to the Vaults.
 11545 | D:13     | Got a fine garnet amulet
 11551 | D:13     | Identified the amulet "Bonixevaih" {RegenMP Fragile rF+++
                  | Dex+7} (You found it on level 13 of the Dungeon)
 11644 | D:14     | Noticed Snorg
 11651 | D:14     | Killed Snorg
 11726 | D:14     | Paralysed by a floating eye for 3 turns
 11910 | D:15     | Entered Level 15 of the Dungeon
 12006 | D:15     | Reached XP level 16. HP: 136/146 MP: 12/12
 12240 | D:15     | Found a staircase to the Depths.
 12268 | D:15     | Reached skill level 15 in Shields
 12301 | Depths:1 | Entered Level 1 of the Depths
 12559 | Depths:1 | Reached skill level 10 in Evocations
 12625 | Depths:1 | Noticed Saint Roka
 12652 | Depths:1 | Killed Saint Roka
 12841 | Depths:1 | Found a gateway to Hell.
 13093 | Depths:1 | Found a one-way gate leading to the halls of Pandemonium.
 13149 | Depths:1 | Noticed Bai Suzhen
 13171 | Depths:2 | Reached XP level 17. HP: 149/156 MP: 12/12
 13180 | Depths:2 | Reached skill level 16 in Shields
 13515 | Depths:2 | Noticed a lich
 13535 | Depths:2 | Noticed a Tzitzimitl
 13752 | Depths:4 | Found a one-way gate to the infinite horrors of the Abyss.
 13797 | Depths:4 | Voluntarily entered the Abyss.
 13813 | Abyss:1  | Found a corrupted altar of Lugonu.
 14064 | Abyss:1  | HP: 4/125 [something (20)]
 14275 | Abyss:1  | Reached skill level 17 in Shields
 14287 | Abyss:1  | Reached skill level 15 in Invocations
 14326 | Abyss:1  | Gained mutation: You passively map a large area around you.
                  | [Deep Dwarf growth]
 14326 | Abyss:1  | Reached XP level 18. HP: 159/168 MP: 11/11
 14423 | Depths:4 | Escaped the Abyss
 14425 | Depths:4 | Voluntarily entered the Abyss.
 14699 | Abyss:3  | Gained mutation: You are resistant to electric shocks.
                  | (rElec) [a neqoxec]
 14751 | Abyss:3  | Paralysed by accursed screaming for 1 turns
 14756 | Abyss:3  | Paralysed by accursed screaming for 1 turns
 14833 | Abyss:3  | Got an abyssal rune of Zot
 14840 | Depths:4 | Escaped the Abyss
 15111 | Depths:5 | Entered Level 5 of the Depths
 15157 | Depths:5 | Noticed Frederick
 15181 | Depths:5 | Killed Frederick
 15200 | Depths:5 | Reached skill level 18 in Shields
 15235 | Depths:5 | Noticed a bone dragon
 15284 | Depths:5 | Killed a bone dragon
 15331 | Depths:5 | Noticed a bone dragon
 15336 | Depths:5 | Noticed a golden dragon
 15366 | Depths:5 | Killed a golden dragon
 15385 | Depths:5 | Killed a bone dragon
 15403 | Depths:5 | Found a gate to the Realm of Zot.
 15415 | Zot:1    | Entered Level 1 of the Realm of Zot
 15420 | Zot:1    | Noticed a tentacled monstrosity
 15420 | Zot:1    | Noticed a tentacled monstrosity
 15431 | Zot:1    | Killed a tentacled monstrosity
 15439 | Zot:1    | Killed a tentacled monstrosity
 15439 | Zot:1    | Reached XP level 19. HP: 174/178 MP: 9/9
 15522 | Zot:3    | Noticed an orb of fire
 15523 | Zot:3    | Gained mutation: Armour fits poorly on your strangely
                  | shaped body. [an orb of fire]
 15536 | Zot:3    | Gained mutation: You are occasionally teleported next to
                  | monsters. [an orb of fire]
 15537 | Zot:3    | Killed an orb of fire
 15538 | Zot:3    | Lost mutation: You are resistant to electric shocks.
                  | (rElec) [potion of mutation]
 15538 | Zot:3    | Lost mutation: You are occasionally teleported next to
                  | monsters. [potion of mutation]
 15538 | Zot:3    | Lost mutation: Armour fits poorly on your strangely shaped
                  | body. [potion of mutation]
 15538 | Zot:3    | Gained mutation: Your mind is acute. (Int +2) [potion of
                  | mutation]
 15538 | Zot:3    | Gained mutation: You are agile. (Dex +2) [potion of
                  | mutation]
 15608 | Zot:3    | Noticed a golden dragon
 15636 | Zot:3    | Killed a golden dragon
 15642 | Zot:3    | Noticed an electric golem
 15658 | Zot:3    | Killed an electric golem
 15757 | Zot:5    | Entered Level 5 of the Realm of Zot
 15788 | Zot:5    | Reached skill level 19 in Shields
 15796 | Zot:5    | Noticed an ancient lich
 15796 | Zot:5    | Noticed an orb of fire
 15796 | Zot:5    | Noticed an orb of fire
 15796 | Zot:5    | Noticed a Killer Klown
 15797 | Zot:5    | Noticed an electric golem
 15802 | Zot:5    | Got the Orb of Zot
 15803 | Zot:5    | Noticed an orb of fire
 15810 | Zot:5    | Noticed an orb of fire
 15810 | Zot:5    | Noticed an orb of fire
 15810 | Zot:5    | Noticed a Killer Klown
 15810 | Zot:5    | Gained mutation: You are weak. (Str -2) [an orb of fire]
 15811 | Zot:5    | Noticed an electric golem
 15824 | Zot:5    | Gained mutation: Your body sometimes deteriorates upon
                  | taking damage. [an orb of fire]
 15834 | Zot:5    | Noticed an ancient lich
 15834 | Zot:5    | Noticed an ancient lich
 15834 | Zot:5    | Noticed a golden dragon
 15839 | Zot:5    | Noticed an ancient lich
 15898 | Zot:5    | Reached skill level 15 in Armour
 16083 | Depths:4 | Noticed Wegyck the pandemonium lord
 16210 | Depths:1 | Gained mutation: You are very weak. (Str -4) [a cacodemon]
 16409 | D:12     | Noticed Redwabif the pandemonium lord
 16448 | D:11     | Killed Redwabif the pandemonium lord
 16491 | D:10     | Noticed Xeergh the pandemonium lord
 16549 | D:7      | Noticed a Tzitzimitl
 16609 | D:6      | HP: 6/182 [balrug/+0 demon whip (15)]
 16706 | D:3      | HP: 4/182 [hellion/damnation (19)]
 16708 | D:3      | Killed from afar by a hellion

Illustrated notes

Levels and vault maps discovered:
D:1:      nzn_arrival_crosshair, layout_basic, minmay_split_cup_small
D:2:      layout_loops_ring
D:3:      layout_loops_ring, lemuel_round_altar, kiku_gazebo_pond_becter,
          lemuel_coloured_pillars_altar
D:4:      layout_rooms, kennysheep_diamond, grunt_ministairs_10
D:5:      layout_rooms, temple_pool_b, chequers_ossuary_entry_cave,
          serial_shops, shop
D:6:      layout_basic, uniq_blork_the_orc, uniq_menkaure
D:7:      layout_basic
D:8:      layout_loops_ring, gammafunk_temple_overflow_elements
D:9:      layout_long_grid, led_sif_book, nicolae_qazlal_general_emergency
D:10:     layout_gridville, orc_0_dummy, serial_shops, shop_statue, basic_altar
D:11:     layout_loops_ring, grunt_lair_entry_orc_guard_hut,
          hangedman_decor_opposing, uniq_harold, uniq_nergalle
D:12:     kennysheep_scales, layout_irregular_city
D:13:     layout_big_octagon, basic_altar, minmay_diced_spiral
D:14:     layout_cave_pools, minmay_misc_feat_cross, palyth_stone_intersect,
          uniq_snorg, uniq_jorgrun
D:15:     gammafunk_depths_entry_grave, layout_loops_ring,
          fedhas_altar_fruit_tree
Temple:   eino_wide_crystal_templ
Lair:1:   layout_big_grid, infiniplex_staircase_pool_2
Lair:2:   layout_regular_city, minmay_shoals_entry_beasts, beast_lair_carwin_4,
          lemuel_fruit_fields
Lair:3:   layout_long_grid, nicolae_spider_entry_orb_guardian,
          forest_entry_grove, minmay_lair_oklob_chamber
Shoals:1: layout_shoals, dpeg_stationary_puzzle
Shoals:2: layout_shoals, serial_shops, shop, nicolae_shoals_drake_roost
Shoals:3: layout_shoals, nicolae_shoals_aquamancer_cove
Shoals:4: shoals_end_grunt_garden, layout_shoals, nicolae_shoals_seven_spires
Spider:1: layout_spider_delve, nicolae_spider_circle_web
Spider:2: layout_spider_delve
Spider:3: layout_spider_delve, nicolae_spider_cling_ruins
Spider:4: grunt_spider_rune_island, nicolae_spider_stair_cavern
Orc:1:    layout_caves, enter_bailey_2
Orc:2:    grunt_orc_cross, layout_diamond_mine
Depths:1: layout_gridlike, enter_ziggurat_d, serial_glass, glass_columns_a,
          glass_columns_b, grunt_hell_entry_dis_mu, rand_demon_pan_entry_8,
          kennysheep_windowed_goal, uniq_bai_suzhen, uniq_saint_roka
Depths:2: evilmike_hourglass, layout_basic, hell_entry, kennysheep_cross_room
Depths:3: minmay_the_grid_triangle_9x9_recursive_3
          [minmay_the_grid_triangle_9x9_skeleton,
          minmay_the_grid_triangle_9x9_flanged_cone,
          minmay_the_grid_triangle_9x9_zippers_vertical,
          minmay_the_grid_triangle_9x9_prize_insulated,
          minmay_the_grid_triangle_9x9_dagger,
          minmay_the_grid_triangle_9x9_fully_insulated_deathbox,
          minmay_the_grid_triangle_9x9_limited_checkers,
          minmay_the_grid_triangle_9x9_thin_v,
          minmay_the_grid_triangle_9x9_corrupted_corridor], layout_cave_pools,
          abyss_entry, pf_coc_iceberg, hangedman_abyss_or_decor_passed,
          grunt_pan_entry_zigzag, uniq_aizul
Depths:4: minmay_bloctagon_deflated, layout_basic, hangedman_geh_valley,
          gammafunk_ghost_cemetery, chequers_serial_rivers_room_a,
          minmay_room_of_horrors, minmay_guarded_unrand_robustness
Depths:5: grunt_zot_entry_gee_three, layout_basic, hell_entry,
          nicolae_water_bricks, uniq_frederick
Zot:1:    minmay_elemental_castle, layout_misc_corridors
Zot:2:    layout_cathedral_of_symmetry
Zot:3:    layout_twisted_circle
Zot:4:    layout_cathedral_of_symmetry
Zot:5:    layout_twisted_circle, st_stairs_9, bh_zot_ikea_curve

Skill      XL: |  1  2  3  4  5  6  7  8  9 10 11 12 13 14 15 16 17 18 19 |
---------------+----------------------------------------------------------+-----
Axes           | 3 4 5 6 8 9 11 12 14 15 16 17 18 | 18.9
Fighting       | 3 4 5 6 7 8 9 10 11 13 14 | 14.2
Armour         | 4 5 6 7 8 9 10 11 12 13 14 15 | 15.0
Shields        | 4 5 6 7 8 10 11 13 14 15 17 18 19 | 19.1
Invocations    | 1 3 5 6 8 9 10 12 13 14 15 16 17 | 17.6
Evocations     | 2 4 6 8 10 | 10.0

Action                   |  1- 3 |  4- 6 |  7- 9 | 10-12 | 13-15 | 16-18 | 19-21 || total
-------------------------+-------+-------+-------+-------+-------+-------+-------++-------
Melee: War axe           |    67 |    78 |   518 |   826 |   786 |  1324 |   284 ||  3883
Throw: Throwing net      |       |       |       |       |       |       |     2 ||     2
Invok: Lesser Servant of |       |       |       |       |    14 |     2 |     2 ||    18
       Greater Servant o |       |       |       |       |     5 |     1 |     3 ||     9
 Abil: Heal Wounds       |       |     4 |    12 |    17 |    33 |    46 |    26 ||   138
Evoke: Wand              |       |       |       |    12 |       |     5 |     5 ||    22
       Box of beasts     |       |       |       |       |     6 |       |     3 ||     9
  Use: Scroll            |       |       |    14 |    10 |    20 |     7 |    10 ||    61
       Potion            |       |       |       |     2 |     7 |     2 |    15 ||    26
 Stab: Distracted        |       |       |       |       |     4 |     2 |     5 ||    11
       Invisible         |       |       |       |       |       |       |    11 ||    11
       Held in net/web   |       |       |       |       |       |       |     2 ||     2
Armor: Scale mail        |    17 |    43 |    82 |       |       |       |       ||   142
       Plate armour      |       |       |   194 |   542 |   496 |   116 |       ||  1348
       Ice dragon scales |       |       |       |       |       |   266 |       ||   266
       Gold dragon scale |       |       |       |       |       |    15 |   166 ||   181
Dodge: Dodged            |    24 |    16 |   110 |   107 |    96 |   173 |    31 ||   557
Block: Kite shield       |    21 |    40 |   291 |   158 |       |       |       ||   510
       Tower shield      |       |       |       |   666 |   981 |  1315 |   432 ||  3394

Table legend: (Time is in decaauts)
 A = Elapsed time spent in this place.
 B = Non-inter-level travel time spent in this place.
 C = Inter-level travel time spent in this place.
 D = Time resting spent in this place.
 E = Time spent auto-exploring this place.
 F = Levels seen in this place.
 G = Mean time per level.
                   A        B        C        D        E       F      G
               +--------+--------+--------+--------+--------+-----+--------+
         Total |  17091 |  15070 |   2021 |     24 |   8517 |  45 |  379.8 |
       Dungeon |   8264 |   7286 |    978 |      0 |   4738 |  15 |  550.9 |
        Temple |     44 |     30 |     14 |      0 |     25 |   1 |   44.0 |
          Lair |   2081 |   1722 |    359 |      0 |   1393 |   3 |  693.7 |
        Shoals |    987 |    909 |     78 |      0 |    195 |   4 |  246.8 |
   Spider Nest |    856 |    646 |    210 |      0 |    263 |   4 |  214.0 |
  Orcish Mines |    650 |    629 |     21 |      4 |    455 |   2 |  325.0 |
        Depths |   2140 |   1922 |    218 |      9 |    828 |   5 |  428.0 |
           Zot |    544 |    402 |    142 |     11 |      6 |   5 |  108.8 |
         Abyss |    954 |    954 |      0 |      0 |    391 |   4 |  238.5 |
       Ossuary |    306 |    306 |      0 |      0 |    106 |   1 |  306.0 |
        Bailey |    261 |    261 |      0 |      0 |    115 |   1 |  261.0 |
               +--------+--------+--------+--------+--------+-----+--------+

Top non-repeatable levels by time:
     D:9: 1080 daAuts
    D:10: 964 daAuts
Depths:1: 962 daAuts
  Lair:2: 951 daAuts
    D:11: 919 daAuts
  Lair:3: 902 daAuts
     D:8: 796 daAuts
     D:6: 746 daAuts
     D:7: 740 daAuts
 Abyss:1: 720 daAuts
     D:4: 606 daAuts
     D:5: 605 daAuts
   Orc:1: 549 daAuts
    D:15: 440 daAuts
Shoals:4: 380 daAuts
